NCAA
OREGON DUCKS @ ALABAMA CRIMSON TIDE
04/30/2028
 
TOP OF THE 1ST
Oregon Ducks batting - Pitching for Alabama Crimson Tide : RHP Nick Duncan
Pitching: RHP Nick Duncan
Batting: LHB Peter Rodgers 0-0: DOUBLE (Flyball, 78M)
Batting: RHB Sean Smith 0-0: Ball
1-0: Ball
2-0: Ball
3-0: Called Strike
3-1: Base on Balls
Batting: SHB Martin Goodwin 0-0: Called Strike
0-1: Ball
1-1: Grounds into double play, 4-6-3 (Groundball, 4)
Peter Rodgers to third
Batting: RHB Raúl González 0-0: Called Strike
0-1: Called Strike
0-2: Strikes out looking
Top of the 1st over - 0 run(s), 1 hit(s), 0 error(s), 1 left on base; Oregon 0 - Alabama 0
BOTTOM OF THE 1ST
Alabama Crimson Tide batting - Pitching for Oregon Ducks : LHP Scott Jackson
Pitching: LHP Scott Jackson
Batting: RHB Alfredo Bernard 0-0: Ground out 4-3 (Groundball, 4S)
Batting: LHB Steve Blankenship 0-0: Ball
1-0: Ball
2-0: Called Strike
2-1: Fly out, F4 (Popup, 4)
Batting: LHB Steve Woods 0-0: Ball
1-0: Ball
2-0: Foul Ball, location: 2F
2-1: SINGLE (Groundball, 56D)
Batting: RHB Jason Carr 0-0: Ball
1-0: Swinging Strike
1-1: Foul Ball, location: 2F
1-2: Strikes out swinging
Bottom of the 1st over - 0 run(s), 1 hit(s), 0 error(s), 1 left on base; Oregon 0 - Alabama 0
TOP OF THE 2ND
Oregon Ducks batting - Pitching for Alabama Crimson Tide : RHP Nick Duncan
Batting: RHB Michael Heller 0-0: Ball
1-0: Swinging Strike
1-1: Ball
2-1: Ball
3-1: Called Strike
3-2: Foul Ball, location: 2F
3-2: Strikes out swinging
Batting: LHB Jerry López 0-0: Ball
1-0: Called Strike
1-1: Foul Ball, location: 2F
1-2: Ball
2-2: Ground out 4-3 (Groundball, 4)
Batting: RHB José Vega 0-0: Foul Ball, location: 2F
0-1: Swinging Strike
0-2: Strikes out looking
Top of the 2nd over - 0 run(s), 0 hit(s), 0 error(s), 0 left on base; Oregon 0 - Alabama 0
BOTTOM OF THE 2ND
Alabama Crimson Tide batting - Pitching for Oregon Ducks : LHP Scott Jackson
Batting: LHB Jorge Rivera 0-0: Ball
1-0: Called Strike
1-1: Called Strike
1-2: Foul Ball, location: 2F
1-2: Strikes out looking
Batting: RHB Tommy Adams 0-0: Ball
1-0: Ground out 6-3 (Groundball, 56)
Batting: RHB John Martin 0-0: Foul Ball, location: 2F
0-1: Called Strike
0-2: Fly out, F9 (Flyball, 89M)
Bottom of the 2nd over - 0 run(s), 0 hit(s), 0 error(s), 0 left on base; Oregon 0 - Alabama 0
TOP OF THE 3RD
Oregon Ducks batting - Pitching for Alabama Crimson Tide : RHP Nick Duncan
Batting: RHB Tim Smith 0-0: Reached on error, E5 (Groundball, 56)
Batting: RHB Jason Wheeler 0-0: Swinging Strike
0-1: Ball
1-1: Foul Ball, location: 2F
1-2: Ball
2-2: Ball
3-2: SINGLE (Line Drive, 4MD)
Tim Smith to third
Batting: LHB Peter Rodgers 0-0: Called Strike
0-1: Sac Bunt - play at second, runner OUT! 1-6
Batting: RHB Sean Smith 0-0: Ball
1-0: Foul Ball, location: 2F
1-1: Ball
2-1: Foul Ball, location: 2F
2-2: Grounds into double play, 5-4-3 (Groundball, 5)
Top of the 3rd over - 0 run(s), 1 hit(s), 1 error(s), 1 left on base; Oregon 0 - Alabama 0
BOTTOM OF THE 3RD
Alabama Crimson Tide batting - Pitching for Oregon Ducks : LHP Scott Jackson
Batting: SHB Bobby Riggs 0-0: Foul Ball, location: 2F
0-1: Ball
1-1: Swinging Strike
1-2: SINGLE (Groundball, 25) (infield hit)
Batting: LHB Clarence Bowen 0-0: SINGLE (Line Drive, 8LS)
Bobby Riggs to second
Batting: RHB Alfredo Bernard 0-0: Ball
1-0: Called Strike
1-1: Ball
2-1: Ball
3-1: Base on Balls
Bobby Riggs to third
Clarence Bowen to second
Batting: LHB Steve Blankenship 0-0: Ball
1-0: Ball
2-0: Ball
3-0: Called Strike
3-1: Foul Ball, location: 2F
3-2: Base on Balls
Bobby Riggs scores
Clarence Bowen to third
Alfredo Bernard to second
Batting: LHB Steve Woods 0-0: Ball
1-0: Ball
2-0: Ball
3-0: Called Strike
3-1: SINGLE (Groundball, 34) (infield hit)
Clarence Bowen scores
Alfredo Bernard to third
Steve Blankenship to second
Batting: RHB Jason Carr 0-0: Ball
1-0: Ball
Wild Pitch!
Alfredo Bernard scores
Steve Blankenship to third
Steve Woods to second
2-0: Foul Ball, location: 2F
2-1: Fly out, F7 (Flyball, 7LSF)
Runner from 3rd tags up, SCORES, no throw
Batting: LHB Jorge Rivera 0-0: Ball
1-0: Ball
2-0: Ball
3-0: Called Strike
3-1: Foul Ball, location: 2F
3-2: SINGLE (Groundball, 34D)
Steve Woods to third
Runner from 3rd tries for Home, SAFE, throw made home
Batting: RHB Tommy Adams 0-0: Ball
Wild Pitch!
Jorge Rivera to second
1-0: SINGLE (Groundball, 4MD)
Jorge Rivera to third
Runner from 3rd tries for Home, SAFE, throw made home
Pitching: LHP Phil Sims
Batting: RHB John Martin 0-0: Grounds into double play, 1-6-3 (Groundball, P)
Bottom of the 3rd over - 6 run(s), 5 hit(s), 0 error(s), 0 left on base; Oregon 0 - Alabama 6
TOP OF THE 4TH
Oregon Ducks batting - Pitching for Alabama Crimson Tide : RHP Nick Duncan
Batting: SHB Martin Goodwin 0-0: Ball
1-0: SOLO HOME RUN (Line Drive, 7D), Distance : 359 ft
Batting: RHB Raúl González 0-0: Swinging Strike
0-1: Ball
1-1: Foul Ball, location: 2F
1-2: Strikes out swinging
Batting: RHB Michael Heller 0-0: Called Strike
0-1: Ball
1-1: Ball
2-1: Foul Ball, location: 2F
2-2: Strikes out looking
Batting: LHB Jerry López 0-0: Hit by Pitch
Batting: RHB José Vega 0-0: Called Strike
0-1: Fly out, F7 (Flyball, 78M)
Top of the 4th over - 1 run(s), 1 hit(s), 0 error(s), 1 left on base; Oregon 1 - Alabama 6
BOTTOM OF THE 4TH
Alabama Crimson Tide batting - Pitching for Oregon Ducks : LHP Phil Sims
Batting: SHB Bobby Riggs 0-0: Ball
1-0: Called Strike
1-1: Foul Ball, location: 2F
1-2: Strikes out swinging
Batting: LHB Clarence Bowen 0-0: Called Strike
0-1: Ball
1-1: Fly out, F7 (Flyball, 7LM)
Batting: RHB Alfredo Bernard 0-0: Ball
1-0: Swinging Strike
1-1: Ball
2-1: Fly out, F3 (Flyball, 3DF)
Bottom of the 4th over - 0 run(s), 0 hit(s), 0 error(s), 0 left on base; Oregon 1 - Alabama 6
TOP OF THE 5TH
Oregon Ducks batting - Pitching for Alabama Crimson Tide : RHP Nick Duncan
Batting: RHB Tim Smith 0-0: Foul Ball, location: 2F
0-1: Ball
1-1: Foul Ball, location: 2F
1-2: Ball
2-2: Strikes out swinging
Batting: RHB Jason Wheeler 0-0: Ball
1-0: Foul Ball, location: 2F
1-1: Swinging Strike
1-2: Fly out, F1 (Line Drive, 13S)
Batting: LHB Peter Rodgers 0-0: Swinging Strike
0-1: Ball
1-1: Ball
2-1: Called Strike
2-2: Strikes out swinging
Top of the 5th over - 0 run(s), 0 hit(s), 0 error(s), 0 left on base; Oregon 1 - Alabama 6
BOTTOM OF THE 5TH
Alabama Crimson Tide batting - Pitching for Oregon Ducks : LHP Phil Sims
Batting: LHB Steve Blankenship 0-0: Ball
1-0: Called Strike
1-1: Ball
2-1: Ball
3-1: Fly out, F6 (Popup, 6)
Batting: LHB Steve Woods 0-0: Called Strike
0-1: Ball
1-1: Fly out, F9 (Flyball, 9LMF)
Batting: RHB Jason Carr 0-0: Ball
1-0: Ball
2-0: Ball
3-0: Called Strike
3-1: Base on Balls
Batting: LHB Jorge Rivera 0-0: Ball
1-0: Swinging Strike
1-1: Foul Ball, location: 2F
1-2: Strikes out looking
Bottom of the 5th over - 0 run(s), 0 hit(s), 0 error(s), 1 left on base; Oregon 1 - Alabama 6
TOP OF THE 6TH
Oregon Ducks batting - Pitching for Alabama Crimson Tide : RHP Nick Duncan
Batting: RHB Sean Smith 0-0: Called Strike
0-1: Foul Ball, location: 2F
0-2: Strikes out swinging
Batting: SHB Martin Goodwin 0-0: Called Strike
0-1: Ball
1-1: Called Strike
1-2: Ball
2-2: Ball
3-2: Foul Ball, location: 2F
3-2: Strikes out swinging
Batting: RHB Raúl González 0-0: Swinging Strike
0-1: Foul Ball, location: 2F
0-2: Ball
1-2: Fly out, F9 (Flyball, 9S)
Top of the 6th over - 0 run(s), 0 hit(s), 0 error(s), 0 left on base; Oregon 1 - Alabama 6
BOTTOM OF THE 6TH
Alabama Crimson Tide batting - Pitching for Oregon Ducks : LHP Phil Sims
Batting: RHB Tommy Adams 0-0: Called Strike
0-1: Ball
1-1: Ball
2-1: Ball
3-1: Base on Balls
Batting: RHB John Martin 0-0: Grounds into double play, 6-4-3 (Groundball, 56)
Batting: SHB Bobby Riggs 0-0: Fly out, F7 (Line Drive, 7)
Bottom of the 6th over - 0 run(s), 0 hit(s), 0 error(s), 0 left on base; Oregon 1 - Alabama 6
TOP OF THE 7TH
Oregon Ducks batting - Pitching for Alabama Crimson Tide : RHP Nick Duncan
Pitching: RHP José Padilla
Batting: RHB Michael Heller 0-0: Called Strike
0-1: Called Strike
0-2: Ball
1-2: Ground out 1-3 (Groundball, P)
Batting: LHB Jerry López 0-0: Foul Ball, location: 2F
0-1: Swinging Strike
0-2: Ball
1-2: Strikes out swinging
Batting: RHB José Vega 0-0: Swinging Strike
0-1: Swinging Strike
0-2: Foul Ball, location: 2F
0-2: Ball
1-2: Ball
2-2: SINGLE (Groundball, 56D)
Batting: RHB Tim Smith 0-0: Called Strike
0-1: Ball
1-1: Ball
2-1: Foul Ball, location: 2F
2-2: Ball
3-2: Base on Balls
José Vega to second
Batting: RHB Jason Wheeler 0-0: Called Strike
0-1: Hit by Pitch
José Vega to third
Tim Smith to second
Batting: LHB Peter Rodgers 0-0: Hit by Pitch
José Vega scores
Tim Smith to third
Jason Wheeler to second
Batting: RHB Sean Smith 0-0: Ball
Wild Pitch!
Tim Smith scores
Jason Wheeler to third
Peter Rodgers to second
1-0: Foul Ball, location: 2F
1-1: Swinging Strike
1-2: Foul Ball, location: 2F
1-2: Ball
2-2: Ball
3-2: Fly out, F9 (Flyball, 9S)
Top of the 7th over - 2 run(s), 1 hit(s), 0 error(s), 2 left on base; Oregon 3 - Alabama 6
BOTTOM OF THE 7TH
Alabama Crimson Tide batting - Pitching for Oregon Ducks : LHP Phil Sims
Batting: LHB Clarence Bowen 0-0: Ball
1-0: Called Strike
1-1: Ground out 4-3 (Groundball, 4MD)
Batting: RHB Alfredo Bernard 0-0: Called Strike
0-1: Foul Ball, location: 2F
0-2: Ball
1-2: Foul Ball, location: 2F
1-2: Foul Ball, location: 2F
1-2: Foul Ball, location: 2F
1-2: Strikes out looking
Batting: LHB Steve Blankenship 0-0: Ball
1-0: Called Strike
1-1: Foul Ball, location: 2F
1-2: Strikes out swinging
Bottom of the 7th over - 0 run(s), 0 hit(s), 0 error(s), 0 left on base; Oregon 3 - Alabama 6
TOP OF THE 8TH
Oregon Ducks batting - Pitching for Alabama Crimson Tide : RHP José Padilla
Pitching: RHP François LeDoux
Batting: SHB Martin Goodwin 0-0: Hit by Pitch
Batting: RHB Raúl González 0-0: 2-RUN HOME RUN (Line Drive, 89XD), Distance : 392 ft
Pitching: RHP Eddie Good
Batting: RHB Michael Heller 0-0: Called Strike
0-1: Ball
1-1: Ball
2-1: Called Strike
2-2: Ball
3-2: Base on Balls
Pitching: LHP Daniel Williams
Batting: LHB Jerry López 0-0: Sac Bunt - play at first, batter OUT! 1-3
Michael Heller to second
Pitching: RHP Roberto Ilana
Batting: RHB José Vega 0-0: Foul Ball, location: 2F
0-1: Called Strike
0-2: Ground out 6-3 (Groundball, 6)
Batting: RHB Tim Smith 0-0: Ball
1-0: Foul Ball, location: 2F
1-1: Foul Ball, location: 2F
1-2: Ball
2-2: Ball
3-2: Base on Balls
Batting: RHB Jason Wheeler 0-0: SINGLE (Line Drive, 5S)
Michael Heller to third
Tim Smith to second
Runner from 3rd tries for Home, SAFE, no throw
Batting: LHB Peter Rodgers 0-0: Called Strike
0-1: Called Strike
0-2: Ball
1-2: Foul Ball, location: 2F
1-2: Ball
2-2: Foul Ball, location: 2F
2-2: Ball
3-2: Foul Ball, location: 2F
3-2: Base on Balls
Tim Smith to third
Jason Wheeler to second
Batting: RHB Sean Smith 0-0: Ball
1-0: Ball
2-0: Called Strike
2-1: Called Strike
2-2: Strikes out looking
Top of the 8th over - 3 run(s), 2 hit(s), 0 error(s), 3 left on base; Oregon 6 - Alabama 6
BOTTOM OF THE 8TH
Alabama Crimson Tide batting - Pitching for Oregon Ducks : LHP Phil Sims
Batting: LHB Steve Woods 0-0: Called Strike
0-1: Ball
1-1: Ball
2-1: Ball
3-1: DOUBLE (Line Drive, 9LS)
Batting: RHB Jason Carr 0-0: Intentional Walk
Pitching: LHP Chad Waterman
Batting: LHB Jorge Rivera 0-0: Ball
1-0: Ball
2-0: Ball
3-0: Called Strike
3-1: Fly out, F8 (Flyball, 8RS)
Batting: RHB Tommy Adams 0-0: Ball
1-0: Ball
2-0: Called Strike
2-1: Foul Ball, location: 2F
2-2: Ground out 5-3 (Groundball, 5)
Steve Woods to third
Jason Carr to second
Batting: RHB John Martin 0-0: Swinging Strike
0-1: Ball
1-1: Called Strike
1-2: Strikes out swinging
Bottom of the 8th over - 0 run(s), 1 hit(s), 0 error(s), 2 left on base; Oregon 6 - Alabama 6
TOP OF THE 9TH
Oregon Ducks batting - Pitching for Alabama Crimson Tide : RHP Roberto Ilana
Pitching: LHP Jason Ramsey
Batting: SHB Martin Goodwin 0-0: Ball
1-0: Called Strike
1-1: Ball
2-1: SOLO HOME RUN (Flyball, 7D), Distance : 353 ft
Batting: RHB Raúl González 0-0: Fly out, F3 (Popup, 3D)
Batting: RHB Michael Heller 0-0: Swinging Strike
0-1: Called Strike
0-2: Strikes out swinging
Batting: LHB Jerry López 0-0: Called Strike
0-1: Ground out 3-1 (Groundball, 34S)
Top of the 9th over - 1 run(s), 1 hit(s), 0 error(s), 0 left on base; Oregon 7 - Alabama 6
BOTTOM OF THE 9TH
Alabama Crimson Tide batting - Pitching for Oregon Ducks : LHP Chad Waterman
Pitching: RHP Larry Messer
Batting: SHB Bobby Riggs 0-0: Ball
1-0: Ball
2-0: Called Strike
2-1: Ball
3-1: Base on Balls
Batting: LHB Clarence Bowen 0-0: Ball
1-0: Foul Ball, location: 2F
1-1: SINGLE (Flyball, 9S)
Bobby Riggs to second
Runner from 2nd tries for 3rd, SAFE, throw made to third
Pinch Hitting: SHB Dave Wilson 0-0: Ball
1-0: Ground out 6-3 (Groundball, 6)
Clarence Bowen to second
Batting: LHB Steve Blankenship 0-0: Ball
1-0: Ball
2-0: Foul Ball, location: 2F
2-1: Ball
3-1: Called Strike
3-2: Base on Balls
Batting: LHB Steve Woods 0-0: Fly out, F7 (Flyball, 78S)
Batting: RHB Jason Carr 0-0: Ball
1-0: Called Strike
1-1: Called Strike
1-2: Ground out 1-3 (Groundball, P)
Bottom of the 9th over - 0 run(s), 1 hit(s), 0 error(s), 3 left on base; Oregon 7 - Alabama 6
Tuesday, August 8th, 2017 - OOTP Baseball 17.12 Build 75